 Dungeon Crawl Stone Soup version 0.31.0-1-g2c135a008e (webtiles) character file.

Game seed: 12442383278294778770

2135 qw the Skirmisher (level 9, -1/66 HPs)
             Began as a Djinni Hunter on Jan 23, 2024.
             Slain by a yak (7 damage)
             ... on level 6 of the Dungeon.
             The game lasted 00:00:27 (4201 turns).

qw the Skirmisher (Djinni Hunter)                   Turns: 4201, Time: 00:00:27

Health: -1/66      AC:  7    Str: 10    XL:     9   Next: 55%
Gold:   370        EV: 13    Int: 11    God:
                   SH:  0    Dex: 21

rFire   + + .        a - +2 shortbow
rCold   x . .        (shield currently unavailable)
rNeg    . . .        e - +0 ring mail
rPois   inf          n - +0 helmet
rElec   .            (no cloak)
rCorr   .            b - +0 pair of gloves
SInv    .            (boots unavailable)
Will    .....        (no amulet)
Stlth   +            (no ring)
HPRegen 0.31/turn    (no ring)
MPRegen 0.00/turn

%: infuse magic (-2 HP)
@: flying
A: sickness immunity, fire resistance 2, cold vulnerability 1, float, innate
caster, HP casting, extra vitality 1
a: no special abilities


You were on level 6 of the Dungeon.
You visited 1 branch of the dungeon, and saw 6 of its levels.

You collected 370 gold pieces.


Innate Abilities, Weirdness & Mutations

You are immune to sickness and miasma.
You are immune to poison.
Your flesh is very heat resistant. (rF++)
You are vulnerable to cold. (rC-)
You float through the air rather than walking.
You learn spells naturally, not from books.
Your magical power is your life essence.
You have superior vitality. (+4 MHP)


   Skills:
 - Level 6.0 Fighting
 + Level 8.6 Ranged Weapons
 - Level 2.0 Armour
 - Level 5.0 Dodging
 - Level 0.7 Stealth


You knew the following spells:

 Your Spells              Type           Power      Damage    Failure   Level
a - Kiss of Death         Conj/Necr      0%         2d5       65%         1
b - Mercury Vapours       Alch/Air       0%         N/A       80%         2
c - Searing Ray           Conj           0%         2d4       80%         2
d - Iskenderun's Mystic   Conj/Tloc      0%         2d3       100%        4
Your spell library was empty.

Inventory:

Hand Weapons
 a - a +2 shortbow (weapon)
Armour
 b - a +0 pair of gloves (worn)
 e - a +0 ring mail (worn)
 n - a +0 helmet (worn)
Wands
 f - a wand of paralysis (10)
 k - a wand of mindburst (1)
 l - a wand of polymorph (2)
Scrolls
 c - a scroll of identify
Potions
 d - a potion of cancellation
 g - a potion of enlightenment {unknown}
 h - a potion of magic {unknown}
 i - a potion of resistance {unknown}
 j - a potion of berserk rage {unknown}
 m - a potion of ambrosia {unknown}
 o - a potion of curing
 q - a potion of mutation {unknown}

Dungeon Overview and Level Annotations

Branches:
Dungeon (6/15)
 Temple: D:4-7

Altars:
Ashenzari
Cheibriados
Fedhas
Hepliaklqana
Qazlal

Annotations:
D:2 1 runed translucent door, Crazy Yiuf


Message History

A yak comes into view.
The yak barely misses you.
You shoot an arrow. The yak bellows!
The arrow hits the yak!
The yak is moderately wounded.
You hear a bellow!
A yak comes into view.
The yak gores you!
Enter note:
Enter note:
4192 ||| RETREEEEATING.
The yak attacks as it pursues you! The yak barely misses you.
Enter note:
4193 ||| RETREEEEATING.
You shoot an arrow. The arrow hits the yak!
The yak is moderately wounded.
The yak barely misses you.
Enter note:
4195 ||| RETREEEEATING.
You shoot an arrow. The arrow barely misses the yak.
The arrow hits the yak.
The yak is heavily wounded.
A yak comes into view.
The yak gores you.
Enter note:
4197 ||| RETREEEEATING.
You shoot an arrow. The arrow hits the yak!
The yak is heavily wounded.
The yak gores you!
You shoot an arrow.
The arrow hits the yak but does no damage.
The yak is heavily wounded.
The yak gores you but does no damage.
You shoot an arrow. The arrow closely misses the yak.
The arrow hits the yak.
The yak is heavily wounded.
The yak gores you!
You shoot an arrow. The arrow hits the yak!
The yak is severely wounded.
The yak gores you!
You die...

. ## #...# ##
..###.####.###
...
.......#.....##.#
.......#.....#..#
#....._.....#
#.##.....##.# #
#.....# .#
####.####.##
#.@YY...$.#
######...## .../#
.....# ........
##......./
#........#
..........


You could see 2 yaks.

Vanquished Creatures
  Pikel (D:5)
  A yak (D:6)
  A sky beast (D:4)
  A black bear (D:5)
  An ice beast (D:6)
  An ogre (D:6)
  A centaur (D:6)
  A phantom (D:2)
  A bullfrog (D:6)
  4 scorpions
  A bombardier beetle (D:5)
  2 hounds (D:5)
  2 jellies
  3 orc priests (D:4)
  3 sleepcaps (D:5)
  Natasha (thrice) (D:2)
  4 iguanas
  2 orc wizards (D:3)
  Robin (D:4)
  6 adders
  3 ribbon worms
  A dart slug (D:1)
  12 orcs
  4 bats
  5 endoplasms
  4 giant cockroaches
  7 hobgoblins
  4 jackals (D:2)
  4 quokkas
  5 ball pythons
  4 frilled lizards
  18 goblins
  10 kobolds
  6 rats
127 creatures vanquished.

Notes
Turn   | Place    | Note
-------+----------+-------------------------------------------
     0 | D:1      | qw the Djinni Hunter began the quest for the Orb.
     0 | D:1      | Reached XP level 1. HP: 18/18 MP: 0/0
     0 | D:1      | 0 ||| qw: Version: 0.3-a-135-gb77e89d
     0 | D:1      | 0 ||| qw: Game counter: 778
     0 | D:1      | 0 ||| qw: Melee chars always use a shield: true
     0 | D:1      | 0 ||| qw: God list: Okawaru
     0 | D:1      | 0 ||| qw: Allow faded altars: false
     0 | D:1      | 0 ||| qw: Do Orc after clearing Dungeon:15 true
     0 | D:1      | 0 ||| qw: Do second Lair branch before Depths: true
     0 | D:1      | 0 ||| qw: Lair rune preference: random
     0 | D:1      | 0 ||| qw: Goals: Normal
     0 | D:1      | 0 ||| PLANNING D:1-11
    76 | D:1      | 76 ||| UPGRADING to +0 ring mail.
    95 | D:1      | Reached XP level 2. HP: 23/23 MP: 0/0
    95 | D:1      | 95 ||| DROPPING +0 leather armour.
   475 | D:1      | Reached skill level 4 in Ranged Weapons
   475 | D:1      | Reached XP level 3. HP: 28/28 MP: 0/0
   475 | D:1      | Learned a level 1 spell: Kiss of Death
   782 | D:1      | 782 ||| READING 2 scrolls labelled BUHOLL GERAD.
   782 | D:1      | 782 ||| IDENTIFYING 2 brown potions
   783 | D:1      | 783 ||| READING scroll of identify.
   783 | D:1      | 783 ||| IDENTIFYING scroll labelled PYNKYE TYAQ
   784 | D:1      | 784 ||| READING 2 scrolls labelled EPSEMA LAPROU.
   784 | D:1      | 784 ||| ENCHANTING +0 shortbow.
   785 | D:1      | 785 ||| READING scroll of enchant weapon.
   785 | D:1      | 785 ||| ENCHANTING +1 shortbow.
   786 | D:1      | 786 ||| READING scroll labelled YNGULU REMU.
   887 | D:1      | 887 ||| READING 2 scrolls labelled AGOETE DIENALAG.
   888 | D:1      | 888 ||| READING scroll labelled OVAYTO UCENARCH.
   893 | D:1      | 893 ||| DROPPING scroll of butterflies.
   894 | D:1      | 894 ||| DROPPING scroll of blinking.
   895 | D:1      | 895 ||| DROPPING scroll of poison.
   896 | D:1      | 896 ||| DROPPING 2 potions of degeneration.
   901 | D:2      | 901 ||| STAIRDANCE
   913 | D:2      | 913 ||| STAIRDANCE
   953 | D:2      | 953 ||| STAIRDANCE
   956 | D:1      | Reached skill level 1 in Armour
   999 | D:2      | Found a runed translucent door.
  1000 | D:2      | Noticed Crazy Yiuf
  1032 | D:2      | Noticed Natasha
  1040 | D:2      | Killed Natasha
  1041 | D:2      | Reached XP level 4. HP: 31/34 MP: 0/0
  1075 | D:2      | Noticed Natasha
  1086 | D:2      | Killed Natasha
  1087 | D:2      | Reached skill level 3 in Fighting
  1291 | D:2      | Noticed Natasha
  1354 | D:2      | Noticed a phantom
  1365 | D:2      | Killed a phantom
  1366 | D:2      | Reached XP level 5. HP: 26/40 MP: 0/0
  1366 | D:2      | Learned a level 2 spell: Mercury Vapours
  1400 | D:2      | 1400 ||| FLEEEEING.
  1401 | D:2      | 1401 ||| FLEEEEING.
  1405 | D:2      | 1405 ||| FLEEEEING.
  1406 | D:2      | 1406 ||| FLEEEEING.
  1407 | D:2      | 1407 ||| FLEEEEING.
  1411 | D:2      | Killed Natasha
  1412 | D:2      | Reached skill level 5 in Ranged Weapons
  1412 | D:2      | Reached XP level 6. HP: 44/46 MP: 0/0
  1604 | D:2      | 1604 ||| READING scroll labelled KOOHIO MEISCHU.
  1701 | D:3      | Reached skill level 3 in Dodging
  1866 | D:3      | Found a snail-covered altar of Cheibriados.
  2098 | D:3      | 2098 ||| UPGRADING to +0 pair of gloves.
  2103 | D:3      | 2103 ||| UPGRADING to +0 helmet.
  2108 | D:3      | 2108 ||| DROPPING +6 ring of intelligence.
  2109 | D:3      | 2109 ||| READING scroll of identify.
  2109 | D:3      | 2109 ||| IDENTIFYING fuming brown potion
  2110 | D:3      | 2110 ||| READING scroll labelled HEER JAN AVUU.
  2111 | D:3      | 2111 ||| READING scroll labelled LEREIL KAALO.
  2112 | D:3      | 2112 ||| DRINKING 2 metallic red potions.
  2113 | D:3      | 2113 ||| DROPPING potion of invisibility.
  2174 | D:4      | Noticed a sky beast
  2175 | D:4      | 2175 ||| ZAPPING wand of mindburst (19) at -2,-7 (sky
                  | beast; floor).
  2176 | D:4      | 2176 ||| ZAPPING wand of mindburst (18) at -2,-6 (sky
                  | beast; floor).
  2178 | D:4      | 2178 ||| ZAPPING wand of mindburst (17) at -2,-4 (sky
                  | beast; floor).
  2179 | D:4      | 2179 ||| ZAPPING wand of mindburst (16) at -2,-3 (sky
                  | beast; floor).
  2179 | D:4      | Killed a sky beast
  2180 | D:4      | Reached XP level 7. HP: 52/52 MP: 0/0
  2180 | D:4      | Learned a level 2 spell: Searing Ray
  2383 | D:4      | Noticed Robin
  2393 | D:4      | Killed Robin
  2423 | D:4      | HP: 11/52 [orc/+0 flail (6)]
  2424 | D:4      | 2424 ||| DRINKING 2 potions of heal wounds.
  2426 | D:4      | Reached skill level 6 in Ranged Weapons
  2995 | D:4      | 2995 ||| READING scroll of identify.
  2995 | D:4      | 2995 ||| IDENTIFYING smoky grey potion
  2996 | D:4      | 2996 ||| READING scroll labelled GAIPSEI GELUM.
  3014 | D:5      | Entered Level 5 of the Dungeon
  3014 | D:5      | Noticed Pikel
  3015 | D:5      | 3015 ||| RETREEEEATING.
  3016 | D:5      | 3016 ||| RETREEEEATING.
  3017 | D:5      | 3017 ||| RETREEEEATING.
  3018 | D:5      | 3018 ||| RETREEEEATING.
  3018 | D:5      | Paralysed by Pikel for 2 turns
  3020 | D:5      | 3020 ||| RETREEEEATING.
  3021 | D:5      | 3021 ||| RETREEEEATING.
  3023 | D:5      | 3023 ||| ZAPPING wand of mindburst (15) at -1,0 (Pikel;
                  | floor).
  3024 | D:5      | 3024 ||| ZAPPING wand of mindburst (14) at -1,0 (Pikel;
                  | floor).
  3025 | D:5      | 3025 ||| ZAPPING wand of mindburst (13) at -1,0 (Pikel;
                  | floor).
  3025 | D:5      | HP: 12/52 [lemure[Pikel] (3)]
  3026 | D:5      | 3026 ||| READING scroll of teleportation.
  3027 | D:5      | 3027 ||| DRINKING potion of heal wounds.
  3028 | D:5      | 3028 ||| ZAPPING wand of mindburst (12) at -1,0 (Pikel;
                  | floor).
  3141 | D:5      | Reached XP level 8. HP: 58/58 MP: 0/0
  3198 | D:5      | 3198 ||| ZAPPING wand of mindburst (11) at 6,-2 (Pikel;
                  | floor).
  3199 | D:5      | 3199 ||| ZAPPING wand of mindburst (10) at 5,-2 (Pikel;
                  | floor).
  3200 | D:5      | 3200 ||| ZAPPING wand of mindburst (9) at 4,-2 (Pikel;
                  | floor).
  3201 | D:5      | 3201 ||| ZAPPING wand of mindburst (8) at 3,-1 (Pikel;
                  | floor).
  3201 | D:5      | Paralysed by Pikel for 2 turns
  3203 | D:5      | 3203 ||| RETREEEEATING.
  3204 | D:5      | 3204 ||| ZAPPING wand of mindburst (7) at 3,-2 (Pikel;
                  | floor).
  3205 | D:5      | 3205 ||| ZAPPING wand of mindburst (6) at 2,-1 (Pikel;
                  | floor).
  3205 | D:5      | Paralysed by Pikel for 4 turns
  3209 | D:5      | 3209 ||| ZAPPING wand of mindburst (5) at 1,0 (Pikel;
                  | floor).
  3210 | D:5      | 3210 ||| ZAPPING wand of mindburst (4) at 1,0 (Pikel;
                  | floor).
  3211 | D:5      | 3211 ||| ZAPPING wand of mindburst (3) at 1,0 (Pikel;
                  | floor).
  3211 | D:5      | Killed Pikel
  3212 | D:5      | Reached skill level 7 in Ranged Weapons
  3370 | D:5      | 3370 ||| READING 2 scrolls labelled JIROEG BIAM.
  3377 | D:5      | 3377 ||| ZAPPING wand of mindburst (2) at 0,-1 (black bear;
                  | floor).
  3378 | D:5      | Reached XP level 9. HP: 55/65 MP: 0/0
  3378 | D:5      | Learned a level 4 spell: Iskenderun's Mystic Blast
  3598 | D:5      | Found a blossoming altar of Fedhas.
  3598 | D:5      | Found a hazy altar of Hepliaklqana.
  3634 | D:5      | Reached skill level 8 in Ranged Weapons
  3665 | D:5      | 3665 ||| DRINKING 2 fuming black potions.
  3666 | D:5      | 3666 ||| DROPPING scroll of amnesia.
  3677 | D:6      | Found a broken altar of Ashenzari.
  3679 | D:6      | 3679 ||| STAIRDANCE
  3718 | D:6      | 3718 ||| STAIRDANCE
  3743 | D:6      | 3743 ||| STAIRDANCE
  3817 | D:6      | 3817 ||| STAIRDANCE
  3848 | D:6      | 3848 ||| STAIRDANCE
  3892 | D:6      | 3892 ||| STAIRDANCE
  4096 | D:6      | 4096 ||| RETREEEEATING.
  4104 | D:6      | Reached skill level 6 in Fighting
  4164 | D:6      | Found a stormy altar of Qazlal.
  4192 | D:6      | 4192 ||| RETREEEEATING.
  4193 | D:6      | 4193 ||| RETREEEEATING.
  4195 | D:6      | 4195 ||| RETREEEEATING.
  4197 | D:6      | 4197 ||| RETREEEEATING.
  4200 | D:6      | HP: 5/66 [yak (14)]
  4201 | D:6      | Slain by a yak

Levels and vault maps discovered:
D:1:      heliophobic_arrival_ceremonial_halls, layout_loops_ring,
          hangedman_decor_slide_cut, serial_bayou_ford_a, chequers_big_river,
          minmay_quantized
D:2:      layout_rooms, minmay_liquid_box, small_statue_intersection,
          uniq_natasha, uniq_crazy_yiuf_cottage
D:3:      layout_rooms, marbit_many_paths, minmay_pentomino_pile
D:4:      layout_loops_ring, uniq_robin
D:5:      layout_rooms, gammafunk_temple_overflow_elements,
          reono_crystal_passage, uniq_pikel
D:6:      layout_loops_ring, ashenzari_altar_1, grunt_qazlal_clouds,
          minmay_temple_entry_proselytizer

Skill      XL: |  1  2  3  4  5  6  7  8  9 |
---------------+----------------------------+-----
Ranged Weapons | 4 5 6 7 8 |  8.6
Armour         | 1 2 |  2.0
Fighting       | 3 4 5 6 |  6.0
Dodging        | 3 4 5 |  5.0
Stealth        | |  0.7

Action                     |  1- 3 |  4- 6 |  7- 9 || total
---------------------------+-------+-------+-------++-------
   Fire: Shortbow          |    97 |   128 |   247 ||   472
  Evoke: Wand              |       |     4 |    14 ||    18
    Use: Scroll            |     7 |     4 |     4 ||    15
         Potion            |       |     1 |     3 ||     4
 Armour: Ring mail         |    29 |    39 |   157 ||   225
  Dodge: Dodged            |    35 |    40 |   110 ||   185

Table legend:
 A = Non-vault XP
 B = Vault XP
 C = Vault XP percentage of total XP
 D = Non-vault monster count
 E = Vault monster count
 F = Vault count percentage of total count
                 A         B        C        D         E       F
            +---------+---------+-------+---------+---------+-------
      Total |    2299 |     752 |  24.6 |     104 |      23 |  18.1
            +---------+---------+-------+---------+---------+-------
        D:1 |      35 |       6 |  14.6 |      23 |       3 |  11.5
        D:2 |     209 |      35 |  14.3 |      18 |       1 |   5.3
        D:3 |     113 |      11 |   8.9 |      18 |       6 |  25.0
        D:4 |     409 |      37 |   8.3 |      21 |      12 |  36.4
        D:5 |     722 |     663 |  47.9 |      16 |       1 |   5.9
        D:6 |     811 |       0 |   0.0 |       8 |       0 |   0.0
            +---------+---------+-------+---------+---------+-------
